 Dungeon Crawl Stone Soup version 0.18-b1-23-gf76aad1 (webtiles) character file.

1154 EvilYahweh the Cudgeler (level 8, -1/68 HPs)
             Began as a Minotaur Fighter on May 4, 2016.
             Was a Believer of Pakellas.
             Slain by an orc warrior
             ... wielding a +0 hand axe
              (19 damage)
             ... on level 6 of the Dungeon.
             The game lasted 00:15:22 (4967 turns).

EvilYahweh the Cudgeler (Minotaur Fighter)          Turns: 4967, Time: 00:15:24

Health: -1/68      AC: 11    Str: 25    XL:     8   Next: 16%
Magic:  9/9        EV:  6    Int:  5    God:    Pakellas [**....]
Gold:   323        SH: 12    Dex: 12    Spells: 0 memorised, 7 levels left

rFire  . . .     SeeInvis .     M - -2 flail (curse)
rCold  + . .     Gourm    .     s - +0 chain mail
rNeg   . . .     Faith    .     c - +1 shield
rPois  .         Spirit   .     (helmet restricted)
rElec  .         Dismiss  .     (no cloak)
rCorr  .         Reflect  .     y - +0 pair of gloves
SustAt .         Harm     .     (no boots)
MR     .....                    (no amulet)
Stlth  ..........               h - +4 ring of strength
                                m - ring of protection from cold

@: not resistant to hostile enchantments, extremely unstealthy
A: retaliatory headbutt, horns 2
a: Quick Charge, Renounce Religion


You were on level 6 of the Dungeon.
You worshipped Pakellas.
Pakellas was pleased with you.
You were not hungry.

You visited 2 branches of the dungeon, and saw 7 of its levels.

You collected 323 gold pieces.

Inventory:

Hand Weapons
 a - a +1 flail
 J - a +1 mace of protection
 M - a cursed -2 flail (weapon)
Armour
 c - a +1 shield (worn)
 s - a +0 chain mail (worn)
 y - a +0 pair of gloves (worn)
Jewellery
 g - an uncursed ring of ice
 h - a +4 ring of strength (right hand)
 m - a ring of protection from cold (left hand)
 C - an uncursed ring of stealth {unknown}
 D - the ring "Acyint" {*Tele *Contam rC+ MR++ SInv, unknown}
   (You found it on level 5 of the Dungeon)

   [ring of teleportation]

   It may teleport you next to monsters.
   It protects you from cold.
   It affects your resistance to hostile enchantments.
   It lets you see invisible.
   It causes magical contamination when unequipped.
 H - a cursed ring of teleportation {unknown}
Wands
 b - a wand of random effects (28/48)
 t - a wand of slowing (14/48)
 v - a wand of lightning (9/15)
 B - a wand of lightning (5/15)
 E - a wand of polymorph (17/24)
 F - a wand of flame (20/48)
 I - a wand of hasting (4/9)
Scrolls
 i - a scroll of enchant weapon
 l - a scroll of enchant armour
 q - a scroll of identify
 G - a scroll of fear
 N - a scroll of magic mapping
Potions
 d - a potion of might
 e - a potion of flight {unknown}
 j - 3 potions of cancellation
 k - a potion of cure mutation
 n - a potion of heal wounds
 r - a potion of berserk rage
 u - a potion of lignification {unknown}
 z - 2 potions of brilliance {unknown}
 A - 2 potions of agility {unknown}
Miscellaneous
 L - a box of beasts
Comestibles
 f - 6 bread rations
 o - 3 meat rations
 p - a fruit
 w - a beef jerky
 x - 2 slices of pizza
 K - 14 chunks of flesh


   Skills:
 - Level 5.3 Fighting
 * Level 7.1 Maces & Flails
 - Level 5.0 Armour
 - Level 6.5 Shields
 + Level 3.9 Evocations


You had 7 spell levels left.
You didn't know any spells.

Dungeon Overview and Level Annotations

Branches:
Dungeon (6/15)             Temple (1/1) D:4

Altars:
Cheibriados
Dithmenos
Elyvilon
Gozag
Kikubaaqudgha
Nemelex Xobeh
Pakellas
Qazlal
Ru
Sif Muna
Trog
Vehumet
Yredelemnul
Zin


Innate Abilities, Weirdness & Mutations

You reflexively headbutt those who attack you in melee.
You have a pair of horns on your head.


Message History

You barely miss the orc warrior.
The hound barks!
Your headbutt misses the orc warrior.
The orc warrior is severely wounded.
The orc warrior hits you with a hand axe!
You completely miss the orc priest.
The orc priest calls down the wrath of Beogh upon you.
Pain shoots through your body! You block the orc warrior's attack.
You closely miss the orc priest.
The orc priest hits you but does no damage.
The orc warrior hits you with a hand axe!
You closely miss the orc priest.
You headbutt the orc priest, but do no damage.
You block the hound's attack.
The orc priest invokes the aid of Beogh against you.
Pain shoots through your body!
* * * LOW HITPOINT WARNING * * *
The orc warrior hits you with a hand axe!!
You die...
Pakellas says: That's one more possible approach eliminated.

## ... .. ... #### . ... #....
#.#.##...## .#.#%.)..#
.o......# #oo..[... #@# #h#
####.###### ##.........#
##........####### ###
#########.....<..##≈≈≈≈≈###.#
#................#≈≈≈≈≈≈≈##.#
#.#######<......##≈≈...≈≈##.##
###.#####
##.......#≈≈._...'...#


You could see an orc warrior, a hound, an orc priest and an orc.

Vanquished Creatures
  Duvessa (D:4)
  An ice beast (D:5)
  A centaur (D:5)
  An ogre (D:5)
  A crocodile (D:6)
  A scorpion (D:5)
  Dowan (D:4)
  A crimson imp (D:5)
  A centaur zombie (D:6)
  A jelly (D:6)
  2 orc priests (D:6)
  4 orc wizards
  2 hounds
  A worker ant (D:4)
  10 adders
  7 gnolls
  An ooze (D:1)
  2 worms (D:2)
  7 dart slugs
  3 giant geckos
  10 orcs
  2 giant cockroaches (D:1)
  9 goblins
  12 hobgoblins
  5 jackals
  3 quokkas (D:2)
  3 ball pythons
  7 bats
  A giant gecko skeleton (D:5)
  4 giant newts
  A jackal zombie (D:5)
  10 kobolds
  A quokka skeleton (D:4)
  8 rats
125 creatures vanquished.

Notes
Turn   | Place    | Note
--------------------------------------------------------------
     0 | D:1      | EvilYahweh the Minotaur Fighter began the quest for the Orb.
     0 | D:1      | Reached XP level 1. HP: 19/19 MP: 0/0
   187 | D:1      | Reached skill level 3 in Maces & Flails
   227 | D:1      | Reached XP level 2. HP: 26/26 MP: 1/1
   345 | D:1      | Reached skill level 4 in Maces & Flails
   429 | D:1      | Reached XP level 3. HP: 31/31 MP: 2/2
   951 | D:2      | Found a white marble altar of Elyvilon.
  1003 | D:2      | Reached skill level 5 in Maces & Flails
  1245 | D:2      | Reached XP level 4. HP: 39/39 MP: 3/3
  2113 | D:3      | Reached skill level 5 in Armour
  2200 | D:3      | Reached XP level 5. HP: 45/45 MP: 4/4
  2416 | D:3      | Found a snail-covered altar of Cheibriados.
  2416 | D:3      | Found a bloodstained altar of Trog.
  2447 | D:3      | Found a stormy altar of Qazlal.
  2615 | D:4      | Found a staircase to the Ecumenical Temple.
  2624 | Temple   | Entered the Ecumenical Temple
  2653 | Temple   | Became a worshipper of Pakellas the Inventive
  2842 | D:4      | Found a sacrificial altar of Ru.
  2876 | D:4      | Reached skill level 5 in Shields
  2885 | D:4      | Reached skill level 1 in Evocations
  2891 | D:4      | Reached XP level 6. HP: 41/51 MP: 5/5
  3076 | D:4      | Noticed Dowan
  3086 | D:4      | Killed Dowan
  3088 | D:4      | Noticed Duvessa
  3138 | D:4      | Killed Duvessa
  3765 | D:5      | Entered Level 5 of the Dungeon
  3786 | D:5      | Got a fine lapis lazuli ring
  3819 | D:5      | Reached * piety under Pakellas
  3819 | D:5      | Received a gift from Pakellas
  3851 | D:5      | Reached XP level 7. HP: 59/59 MP: 7/7
  4072 | D:5      | Reached skill level 5 in Fighting
  4147 | D:5      | Found a glowing silver altar of Zin.
  4260 | D:5      | Found a radiant altar of Vehumet.
  4306 | D:5      | Reached skill level 6 in Maces & Flails
  4790 | D:6      | Found a deep blue altar of Sif Muna.
  4836 | D:6      | Reached XP level 8. HP: 68/68 MP: 9/9
  4905 | D:6      | Reached ** piety under Pakellas
  4905 | D:6      | Received a gift from Pakellas
  4905 | D:6      | Reached skill level 7 in Maces & Flails
  4967 | D:6      | Slain by an orc warrior

Skill      XL: |  1  2  3  4  5  6  7  8 |
---------------+-------------------------+-----
Maces & Flails | 3 4 5 6 7 |  7.1
Armour         | 4 5 |  5.0
Shields        | 5 6 |  6.5
Evocations     | 1 2 3 |  3.9
Fighting       | 4 5 |  5.3

Action                   |  1- 3 |  4- 6 |  7- 9 || total
-------------------------+-------+-------+-------++-------
Melee: Flail             |    98 |   150 |    56 ||   304
       Headbutt          |    15 |    37 |    23 ||    75
       Whip              |       |    46 |       ||    46
       Mace              |       |       |    24 ||    24
Evoke: Wand              |       |       |     3 ||     3
  Use: Scroll            |       |    13 |     1 ||    14
  Eat: Chunk             |     1 |     9 |     3 ||    13
Armor: Scale mail        |    25 |    11 |       ||    36
       Chain mail        |       |    63 |    31 ||    94
Dodge: Dodged            |    17 |    38 |    13 ||    68
Block: Shield            |    28 |    81 |    33 ||   142
